 Dungeon Crawl Stone Soup version 0.30.0-10-gfe55d96785 (webtiles) character file.

Game seed: 17076542848577854664

107 qw the Chopper (level 4, -3/28 HPs)
             Began as a Gargoyle Fighter on May 13, 2023.
             Slain by Grinder (8 damage)
             ... on level 3 of the Dungeon.
             The game lasted 00:00:59 (2019 turns).

qw the Chopper (Gargoyle Fighter)                   Turns: 2019, Time: 00:01:00

Health: -3/28      AC: 11    Str: 21    XL:     4   Next: 85%
Magic:  4/4        EV:  9    Int:  9    God:
Gold:   76         SH:  4    Dex:  9    Spells: 3/3 levels left

rFire   . . .        Y - +0 war axe
rCold   . . .        c - +0 buckler
rNeg    + . .        b - +0 scale mail
rPois   inf          (no helmet)
rElec   +            (no cloak)
rCorr   .            (no gloves)
SInv    .            o - +0 pair of boots
Will    .....        (no amulet) Stlth
                     (no ring)
HPRegen 0.24/turn    (no ring)
MPRegen 0.09/turn

%: no passive effects
@: no status effects
A: sickness immunity, AC +3, negative energy resistance 1, electricity
resistance, torment resistance 1, petrification resistance
a: no special abilities


You were on level 3 of the Dungeon.
You visited 1 branch of the dungeon, and saw 3 of its levels.

You collected 76 gold pieces.


Innate Abilities, Weirdness & Mutations

You are immune to sickness and miasma.
Your stone body is resilient. (AC +3)
You are immune to poison.
You resist negative energy. (rN+)
You are resistant to electric shocks. (rElec)
You are resistant to unholy torment.
You are immune to petrification.


   Skills:
 - Level 3.2 Fighting
 + Level 4.4 Axes
 - Level 3.2 Armour
 - Level 3.2 Shields


You had 3 spell levels left.
You didn't know any spells.
Your spell library was empty.

Inventory:

Hand Weapons
 i - a +0 whip
 Y - a +0 war axe (weapon)
Armour
 b - a +0 scale mail (worn)
 c - a +0 buckler (worn)
 o - a +0 pair of boots (worn)
Potions
 d - a potion of might
 e - a potion of degeneration {unknown}
 j - a potion of attraction {unknown}
 m - 2 potions of curing
 n - a potion of resistance

Dungeon Overview and Level Annotations

Branches:
Dungeon (3/15)

Altars:

Annotations:
D:3 Grinder


Message History

The rat closely misses you.
You closely miss the rat. The rat closely misses you.
You hit the rat but do no damage. The rat bites you but does no damage.
You completely miss the rat.
The ball python hisses angrily.
Grinder blinks!
The rat barely misses you. The rat bites you but does no damage.
You slash the rat!
You kill the rat!
Grinder barely misses you.
You barely miss Grinder. Grinder hits you but does no damage.
You closely miss Grinder. Grinder hits you but does no damage.
A goblin comes into view. It is wielding a +0 club.
You barely miss Grinder.
The goblin shouts!
Grinder hits you.
You writhe in agony.
Grinder closely misses you.
You closely miss Grinder.
Grinder says, "I used to sell toenails on the black market."
Grinder completely misses you.
You closely miss Grinder. Grinder gestures at you.
Pain shoots through your body!
You hit Grinder.
Grinder is lightly wounded.
Grinder hits you but does no damage. Grinder gestures at you.
Pain shoots through your body!
You barely miss Grinder.
Grinder is lightly wounded.
Grinder hits you!
You closely miss Grinder.
Grinder is lightly wounded.
Grinder hits you but does no damage.
You hit Grinder.
Grinder is lightly wounded.
Grinder hits you.
You writhe in agony.
Grinder hits you!
You die...

.....'.# ..'...'....'....#
.....#.#.###...#.####....#
.....#.#(###...#.# #....#
####.......#o..#.# #....#
###.#.#.#...#.# #....#
#5#.#.#####.######### ..#
#.....%....<# ...#
#..####.##### ...## #@#
.... #5# ....#


gS. ..... ..... ....... ......... ..>.......# .#.........# You could see
Grinder, a goblin and a ball python.

Vanquished Creatures
  An orc wizard (D:3)
  3 adders
  3 dart slugs
  An orc (D:3)
  4 bats
  2 endoplasms
  2 giant cockroaches
  3 goblins
  5 hobgoblins
  5 jackals
  4 quokkas
  7 ball pythons
  2 frilled lizards (D:2)
  3 kobolds
  A rat (D:3)
46 creatures vanquished.

Notes
Turn   | Place    | Note
-------+----------+-------------------------------------------
     0 | D:1      | qw the Gargoyle Fighter began the quest for the Orb.
     0 | D:1      | Reached XP level 1. HP: 14/14 MP: 1/1
     0 | D:1      | 0 ||| qw: Version: 0.2-a-92-gb77fa06
     0 | D:1      | 0 ||| qw: Game counter: 7
     0 | D:1      | 0 ||| qw: Always use a shield: true
     0 | D:1      | 0 ||| qw: God list: Okawaru
     0 | D:1      | 0 ||| qw: Allow faded altars: false
     0 | D:1      | 0 ||| qw: Do Orc after D:15 true
     0 | D:1      | 0 ||| qw: Do second Lair branch before Depths: true
     0 | D:1      | 0 ||| qw: Lair rune preference: random
     0 | D:1      | 0 ||| qw: Plans: Normal, Zot:1-4, God:TSO, Crypt, Tomb,
                  | Pan, Slime:5, Hells, Abyss, Win
     0 | D:1      | 0 ||| PLANNING D:1-11
    33 | D:1      | Reached skill level 2 in Axes
   185 | D:1      | Reached XP level 2. HP: 19/19 MP: 2/2
   394 | D:1      | 394 ||| Stepping ~*~*~tactically~*~*~ (hiding).
   395 | D:1      | 395 ||| Stepping ~*~*~tactically~*~*~ (hiding).
   398 | D:1      | 398 ||| Stepping ~*~*~tactically~*~*~ (hiding).
   562 | D:1      | 562 ||| Stepping ~*~*~tactically~*~*~ (stealth).
   968 | D:1      | 968 ||| DROPPING scarf of invisibility.
   969 | D:1      | 969 ||| UPGRADING to +0 pair of boots.
   974 | D:1      | 974 ||| READING 2 scrolls labelled KAEZOA RYUJ.
   978 | D:1      | 978 ||| READING scroll labelled UBOGUNL NICK.
   979 | D:1      | 979 ||| READING 2 scrolls labelled WEAZXA SARO.
   980 | D:1      | 980 ||| READING scroll labelled NURAVV NIMUEWI.
   981 | D:1      | 981 ||| READING scroll labelled ZIJEW DEC FEPLA.
   982 | D:1      | 982 ||| DRINKING 2 metallic sapphire potions.
   983 | D:1      | 983 ||| DROPPING scroll of blinking.
   999 | D:2      | Reached skill level 3 in Axes
   999 | D:2      | Reached XP level 3. HP: 23/23 MP: 3/3
  1005 | D:2      | 1005 ||| Stepping ~*~*~tactically~*~*~ (hiding).
  1010 | D:2      | 1010 ||| Stepping ~*~*~tactically~*~*~ (hiding).
  1069 | D:2      | 1069 ||| Stepping ~*~*~tactically~*~*~ (stealth).
  1072 | D:2      | 1072 ||| Stepping ~*~*~tactically~*~*~ (stealth).
  1073 | D:2      | 1073 ||| Stepping ~*~*~tactically~*~*~ (stealth).
  1076 | D:2      | 1076 ||| Stepping ~*~*~tactically~*~*~ (stealth).
  1094 | D:2      | 1094 ||| Stepping ~*~*~tactically~*~*~ (stealth).
  1139 | D:2      | 1139 ||| Stepping ~*~*~tactically~*~*~ (stealth).
  1148 | D:2      | 1148 ||| Stepping ~*~*~tactically~*~*~ (stealth).
  1150 | D:2      | 1150 ||| Stepping ~*~*~tactically~*~*~ (hiding).
  1362 | D:2      | Reached XP level 4. HP: 28/28 MP: 4/4
  1398 | D:2      | You fall into a shaft and drop 1 floor!
  1399 | D:3      | 1399 ||| READING scroll labelled FYNENACYFYM.
  1400 | D:3      | 1400 ||| READING scroll labelled AGUN COIGEMUPI.
  1401 | D:3      | 1401 ||| READING scroll labelled LAOGAOT KUHE.
  1563 | D:2      | Reached skill level 4 in Axes
  1816 | D:3      | Noticed Grinder
  1817 | D:3      | 1817 ||| Stepping ~*~*~tactically~*~*~ (hiding).
  1829 | D:3      | Paralysed by Grinder for 4 turns
  1835 | D:3      | HP: 6/28 [Grinder (3)]
  1836 | D:3      | 1836 ||| READING 3 scrolls of teleportation.
  1836 | D:3      | Paralysed by Grinder for 4 turns
  1840 | D:3      | 1840 ||| READING 2 scrolls of teleportation.
  1843 | D:3      | 1843 ||| READING scroll of teleportation.
  1921 | D:3      | 1921 ||| Stepping ~*~*~tactically~*~*~ (hiding).
  1940 | D:3      | 1940 ||| Stepping ~*~*~tactically~*~*~ (stealth).
  1942 | D:3      | 1942 ||| Stepping ~*~*~tactically~*~*~ (stealth).
  1981 | D:3      | 1981 ||| Stepping ~*~*~tactically~*~*~ (stealth).
  2000 | D:3      | 2000 ||| Stepping ~*~*~tactically~*~*~ (hiding).
  2019 | D:3      | HP: 5/28 [Grinder (3)]
  2019 | D:3      | Slain by Grinder

Levels and vault maps discovered:
D:1:      nicolae_arrival_memento_mori, layout_loops_corners, minivault_14
D:2:      layout_basic, feat_on_display
D:3:      layout_basic, nemelex_diamond_rough_becter,
          gammafunk_temple_overflow_arena, uniq_grinder

Skill      XL: |  1  2  3  4 |
---------------+-------------+-----
Axes           | 2 3 4 |  4.4
Fighting       | |  3.2
Armour         | |  3.2
Shields        | |  3.2

Action                     |  1- 3 |  4- 6 || total
---------------------------+-------+-------++-------
  Melee: War axe           |    87 |    62 ||   149
    Use: Scroll            |     5 |     6 ||    11
         Potion            |     1 |       ||     1
 Armour: Scale mail        |    41 |    28 ||    69
  Dodge: Dodged            |    45 |    23 ||    68
  Block: Buckler           |    20 |     6 ||    26

Table legend:
 A = Non-vault XP
 B = Vault XP
 C = Vault XP percentage of total XP
 D = Non-vault monster count
 E = Vault monster count
 F = Vault count percentage of total count
                 A         B        C        D         E       F
            +---------+---------+-------+---------+---------+-------
      Total |     153 |       0 |   0.0 |      46 |       0 |   0.0
            +---------+---------+-------+---------+---------+-------
        D:1 |      29 |       0 |   0.0 |      16 |       0 |   0.0
        D:2 |      70 |       0 |   0.0 |      24 |       0 |   0.0
        D:3 |      54 |       0 |   0.0 |       6 |       0 |   0.0
            +---------+---------+-------+---------+---------+-------
